Colorado Rockies vs San Jose Sharks
(R2)
Created - Thursday, February 27, 2025 at 07:57
Goals
|
| Colorado Rockies |
0 |
2 |
1 |
3 |
| San Jose Sharks |
0 |
2 |
0 |
2 |
|
Shots
|
| Colorado Rockies |
7 |
9 |
13 |
29 |
| San Jose Sharks |
10 |
12 |
17 |
39 |
|
1st period
No Goal
Penalties :
Max Domi (SJS) for Fighting (Major) at 5:23, Philipp Kurashev (COL) for Fighting (Major) at 5:23, Vince Dunn (COL) for Cross-checking (Minor) at 13:14
2nd period
1. San Jose Sharks , T.J. Oshie 7 (Matthew Knies 4, Jonathan Drouin 7) at 4:10 (PP)
2. Colorado Rockies , Philipp Kurashev 7 (Quinn Hughes 7) at 6:34
3. San Jose Sharks , Jonathan Drouin 7 (Christopher Tanev 2, Kasperi Kapanen 3) at 15:06
4. Colorado Rockies , Nikita Kucherov 9 (Martin Fehervary 7) at 15:31
Penalties :
Victor Hedman (COL) for Holding (Minor) at 0:41, Andrew Peeke (COL) for Tripping (Minor) at 3:42, Christopher Tanev (SJS) for Roughing (Double Minor) at 7:07, Max Domi (SJS) for Holding (Minor) at 18:39
3rd period
5. Colorado Rockies , Victor Hedman 4 (Jesper Bratt 9, Tim Stutzle 9) at 7:56 (PP)
Penalties :
Vince Dunn (COL) for Tripping (Minor) at 2:02, Sean Durzi (SJS) for Cross-checking (Minor) at 7:05, Michael Bunting (COL) for Delaying the game (Minor) at 9:14
Goalie Stats
Joey Daccord (COL), 37 saves from 39 shots - (0.949), W, 10-5-1, 60:00 minutes
Tristan Jarry (SJS), 26 saves from 29 shots - (0.897), L, 2-1-0, 59:46 minutes
Players Stats for Colorado Rockies
Player Name G A P +/- PIM S H SB GA TA FO MP PP MP PK MP
------------------------------------------------------------------------------------
Andrew Peeke 0 0 0 0 2 0 1 1 0 1 0/0 15:28 0:00 4:02
David Pastrnak 0 0 0 -1 0 2 2 2 0 0 0/0 20:17 2:37 4:19
Evgeny Kuznetsov 0 0 0 0 0 1 0 0 0 0 1/1 4:15 0:56 0:00
Jesper Bratt 0 1 1 1 0 3 2 2 1 1 0/1 21:57 3:16 3:57
Kevin Hayes 0 0 0 0 0 0 0 0 0 0 1/1 1:11 0:56 0:00
Kyle Connor 0 0 0 -1 0 6 0 0 2 0 0/0 16:15 2:37 0:00
Kyle Palmieri 0 0 0 1 0 3 2 0 0 0 0/3 12:45 0:56 0:11
Martin Fehervary 0 1 1 2 0 0 0 0 0 2 0/0 14:08 0:00 0:50
Michael Bunting 0 0 0 1 2 1 4 0 1 0 0/0 15:19 0:00 0:00
Nick Bonino 0 0 0 0 0 0 0 0 0 0 5/9 4:09 0:00 0:00
Nick Schmaltz 0 0 0 -1 0 0 1 2 0 0 8/12 16:15 2:37 0:00
Nikita Kucherov 1 0 1 1 0 4 4 0 2 2 0/1 26:06 3:16 4:19
Nikita Zadorov 0 0 0 2 0 2 3 0 0 1 0/0 21:57 3:46 4:02
Philipp Kurashev 1 0 1 1 5 3 1 0 0 0 5/12 10:17 0:00 0:00
Quinn Hughes 0 1 1 -1 0 0 1 1 0 2 0/0 26:02 3:03 4:22
Tim Stutzle 0 1 1 1 0 1 3 0 0 0 13/30 22:04 3:16 4:02
Victor Hedman 1 0 1 -1 2 1 4 3 0 1 0/0 25:52 3:03 3:32
Vince Dunn 0 0 0 0 4 2 0 1 0 0 0/0 17:13 3:46 0:00
Players Stats for San Jose Sharks
Player Name G A P +/- PIM S H SB GA TA FO MP PP MP PK MP
------------------------------------------------------------------------------------
Adam Henrique 0 0 0 -1 0 1 0 1 1 0 16/25 20:09 4:10 2:49
Alec Martinez 0 0 0 0 0 0 0 0 1 3 0/0 12:27 0:00 0:54
Calle Jarnkrok 0 0 0 0 0 2 1 0 1 0 0/1 8:34 0:00 0:00
Christopher Tanev 0 1 1 -1 4 0 1 1 0 0 0/0 24:27 3:56 1:18
Connor Murphy 0 0 0 0 0 1 1 1 0 0 0/0 21:50 4:28 3:16
Dmitry Orlov 0 0 0 0 0 0 0 0 1 0 0/0 13:35 0:00 2:02
Eeli Tolvanen 0 0 0 -1 0 1 0 0 0 0 0/0 9:50 0:00 0:00
Jonathan Drouin 1 1 2 1 0 4 1 1 1 0 0/3 20:40 4:14 3:13
Kasperi Kapanen 0 1 1 0 0 0 0 0 0 1 0/0 8:34 0:00 0:00
Kevin Fiala 0 0 0 -1 0 5 1 0 1 0 0/1 20:09 4:10 2:49
Marcus Pettersson 0 0 0 -1 0 3 0 1 0 2 0/0 26:21 3:56 3:17
Matthew Knies 0 1 1 1 0 8 2 0 2 0 1/1 16:58 4:14 0:47
Max Domi 0 0 0 -1 7 1 1 0 0 0 6/12 9:45 0:00 0:47
Noel Acciari 0 0 0 0 0 0 0 0 0 0 4/7 8:34 0:00 0:00
Ryan Johansen 0 0 0 1 0 2 1 0 0 0 6/10 13:21 0:00 0:00
Sean Durzi 0 0 0 0 2 3 0 0 0 0 0/0 21:24 4:28 2:51
T.J. Oshie 1 0 1 -1 0 4 1 1 1 0 0/0 13:40 4:14 0:00
Yegor Sharangovich 0 0 0 -1 0 4 1 1 1 0 4/10 22:49 4:10 3:13
3 Stars
1 - Joey Daccord (COL)
2 - Nikita Kucherov (COL)
3 - Jonathan Drouin (SJS)
Power Play
Colorado Rockies - 1 on 4 Attempt(s) - 25.00%
San Jose Sharks - 1 on 5 Attempt(s) - 20.00%
Penalty Kill
Colorado Rockies - 4 on 5 Attempt(s) - 80.00%
- Score 0 goal in Penalty Kill
San Jose Sharks - 3 on 4 Attempt(s) - 75.00%
- Score 0 goal in Penalty Kill
Team Stat
Colorado Rockies - Hits : 28 - Faceoff Wins : 33 - Blocked Shots : 12 - Penalty Minutes : 15
San Jose Sharks - Hits : 11 - Faceoff Wins : 37 - Blocked Shots : 7 - Penalty Minutes : 13
Official
Referees : Brandon Schrader and Eric Furlatt
Linesman : Tommy Hughes and Travis Gawryletz
Game Notes
Max Domi beats up Philipp Kurashev at 5:23 of 1st period
Finance
Level 1 -- Attendance: 4716 (78.60%) -- Ticket Income $457,452
Level 2 -- Attendance: 4299 (85.98%) -- Ticket Income $245,043
Level 3 -- Attendance: 3000 (100.00%) -- Ticket Income $99,000
Level 4 -- Attendance: 4380 (87.60%) -- Ticket Income $96,360
Luxury Box -- Attendance: 982 (98.20%) -- Ticket Income $189,526
Game was played at the SAP Center at San Jose.
Total Attendance: 17377 (86.89%)
Total Ticket Income: $1,087,381
Other Income: $380,583
Total Income: $1,467,964
Colorado Rockies
5 vs 5 Forward
Center Left Wing Right Wing Time % Phy DF OF
1 Tim Stutzle Jesper Bratt Nikita Kucherov 30 1 2 2
2 Nick Schmaltz Kyle Connor David Pastrnak 30 1 2 2
3 Philipp Kurashev Kyle Palmieri Michael Bunting 25 1 2 2
4 Nick Bonino Michael Bunting Nikita Kucherov 15 1 2 2
5 vs 5 Defense
Defense Defense Time % Phy DF OF
1 Victor Hedman Quinn Hughes 30 1 2 2
2 Nikita Zadorov Martin Fehervary 30 1 2 2
3 Vince Dunn Andrew Peeke 25 1 2 2
4 Victor Hedman Quinn Hughes 15 1 2 2
PowerPlay Forward
Center Left Wing Right Wing Time % Phy DF OF
1 Tim Stutzle Jesper Bratt Nikita Kucherov 50 1 2 2
2 Nick Schmaltz Kyle Connor David Pastrnak 50 1 2 2
PowerPlay Defense
Defense Defense Time % Phy DF OF
1 Victor Hedman Quinn Hughes 50 1 2 2
2 Nikita Zadorov Vince Dunn 50 1 2 2
Penalty Kill 4 Players Forward
Center Wing Time % Phy DF OF
1 Nikita Kucherov David Pastrnak 50 1 2 2
2 Tim Stutzle Jesper Bratt 50 1 2 2
Penalty Kill 4 Players Defense
Defense Defense Time % Phy DF OF
1 Victor Hedman Quinn Hughes 50 1 2 2
2 Nikita Zadorov Andrew Peeke 50 1 2 2
Penalty Kill - 3 Players Forward
Forward Time % Phy DF OF
1 Nikita Kucherov 50 1 2 2
2 David Pastrnak 50 1 2 2
Penalty Kill - 3 Players Defense
Defense Defense Time % Phy DF OF
1 Victor Hedman Quinn Hughes 50 1 2 2
2 Nikita Zadorov Andrew Peeke 50 1 2 2
4 vs 4 Forward
Center Wing Time % Phy DF OF
1 Nikita Kucherov David Pastrnak 50 1 2 2
2 Tim Stutzle Jesper Bratt 50 1 2 2
4 vs 4 Defense
Defense Defense Time % Phy DF OF
1 Victor Hedman Quinn Hughes 50 1 2 2
2 Nikita Zadorov Vince Dunn 50 1 2 2
Last Minutes Offensive
Center Left Wing Right Wing Defense Defense
Tim Stutzle Jesper Bratt Nikita Kucherov Victor Hedman Quinn Hughes
Last Minutes Defensive
Center Left Wing Right Wing Defense Defense
Tim Stutzle Jesper Bratt Nikita Kucherov Victor Hedman Quinn Hughes
Goaltenders
Starting : Joey Daccord
Backup : Arvid Soderblom
Extra Forwards
Normal : Evgeny Kuznetsov, Kevin Hayes, Kyle Palmieri - PP : Evgeny Kuznetsov, Kevin Hayes - PK : Kyle Palmieri
Extra Defensemen
Normal : Vince Dunn, Andrew Peeke, Nikita Zadorov - PP : Vince Dunn - PK : Andrew Peeke, Nikita Zadorov
Penalty Shots
Nikita Kucherov, David Pastrnak, Tim Stutzle, Jesper Bratt, Kyle Connor
Scratches
Daniil Tarasov (Sprained Right Knee Injury)
San Jose Sharks
5 vs 5 Forward
Center Left Wing Right Wing Time % Phy DF OF
1 Adam Henrique Kevin Fiala Yegor Sharangovich 30 1 2 2
2 Ryan Johansen Matthew Knies Jonathan Drouin 30 1 2 2
3 Max Domi Eeli Tolvanen T.J. Oshie 25 1 2 2
4 Noel Acciari Kasperi Kapanen Calle Jarnkrok 15 1 2 2
5 vs 5 Defense
Defense Defense Time % Phy DF OF
1 Marcus Pettersson Christopher Tanev 30 1 2 2
2 Sean Durzi Connor Murphy 30 1 2 2
3 Alec Martinez Dmitry Orlov 25 1 2 2
4 Marcus Pettersson Christopher Tanev 15 1 2 2
PowerPlay Forward
Center Left Wing Right Wing Time % Phy DF OF
1 Adam Henrique Kevin Fiala Yegor Sharangovich 50 1 2 2
2 Jonathan Drouin Matthew Knies T.J. Oshie 50 1 2 2
PowerPlay Defense
Defense Defense Time % Phy DF OF
1 Marcus Pettersson Christopher Tanev 50 1 2 2
2 Sean Durzi Connor Murphy 50 1 2 2
Penalty Kill 4 Players Forward
Center Wing Time % Phy DF OF
1 Adam Henrique Kevin Fiala 50 1 2 2
2 Yegor Sharangovich Jonathan Drouin 50 1 2 2
Penalty Kill 4 Players Defense
Defense Defense Time % Phy DF OF
1 Marcus Pettersson Christopher Tanev 50 1 2 2
2 Sean Durzi Connor Murphy 50 1 2 2
Penalty Kill - 3 Players Forward
Forward Time % Phy DF OF
1 Adam Henrique 50 1 2 2
2 Kevin Fiala 50 1 2 2
Penalty Kill - 3 Players Defense
Defense Defense Time % Phy DF OF
1 Marcus Pettersson Christopher Tanev 50 1 2 2
2 Sean Durzi Connor Murphy 50 1 2 2
4 vs 4 Forward
Center Wing Time % Phy DF OF
1 Adam Henrique Kevin Fiala 50 1 2 2
2 Yegor Sharangovich Jonathan Drouin 50 1 2 2
4 vs 4 Defense
Defense Defense Time % Phy DF OF
1 Marcus Pettersson Christopher Tanev 50 1 2 2
2 Sean Durzi Connor Murphy 50 1 2 2
Last Minutes Offensive
Center Left Wing Right Wing Defense Defense
Adam Henrique Kevin Fiala Yegor Sharangovich Marcus Pettersson Christopher Tanev
Last Minutes Defensive
Center Left Wing Right Wing Defense Defense
Adam Henrique Kevin Fiala Yegor Sharangovich Marcus Pettersson Christopher Tanev
Goaltenders
Starting : Tristan Jarry
Backup : Stuart Skinner
Extra Forwards
Normal : Ryan Johansen, Eeli Tolvanen, Max Domi - PP : Ryan Johansen, Eeli Tolvanen - PK : Max Domi
Extra Defensemen
Normal : Alec Martinez, Dmitry Orlov, Sean Durzi - PP : Alec Martinez - PK : Dmitry Orlov, Sean Durzi
Penalty Shots
Adam Henrique, Kevin Fiala, Yegor Sharangovich, Jonathan Drouin, T.J. Oshie
Scratches
Ilya Mikheyev (Healthy), Mike Hoffman (Healthy), Nick Perbix (Healthy), Clay Stevenson (Healthy)
% Time on Ice - Colorado Rockies
Lines # - Real PCT - Wanted PCT - Time Play
Normal Forward
1 - 32% - 30% - 14:07
2 - 32% - 30% - 14:01
3 - 26% - 25% - 11:21
4 - 10% - 15% - 4:09
Normal Defense
1 - 30% - 30% - 13:16
2 - 34% - 30% - 14:50
3 - 26% - 25% - 11:12
4 - 10% - 15% - 4:20
PP Forward
1 - 48% - 50% - 3:16
2 - 52% - 50% - 3:33
PP Defense
1 - 45% - 50% - 3:03
2 - 55% - 50% - 3:46
PK Forward
1 - 51% - 50% - 4:19
2 - 49% - 50% - 4:05
PK Defense
1 - 52% - 50% - 4:22
2 - 48% - 50% - 4:02
PK3 Forward
1 - 0% - 50%
2 - 0% - 50%
PK3 Defense
1 - 0% - 50%
2 - 0% - 50%
44 Forward
1 - 0% - 50%
2 - 0% - 50%
44 Defense
1 - 0% - 50%
2 - 0% - 50%
Last Minute Offensive - 0:00
Last Minute Defensive - 1:09
Total
Forward - 60:00
Defense - 60:00
|
% Time on Ice - San Jose Sharks
Lines # - Real PCT - Wanted PCT - Time Play
Normal Forward
1 - 28% - 30% - 12:02
2 - 30% - 30% - 13:13
3 - 23% - 25% - 9:50
4 - 20% - 15% - 8:34
Normal Defense
1 - 32% - 30% - 13:45
2 - 31% - 30% - 13:41
3 - 26% - 25% - 11:33
4 - 11% - 15% - 4:40
PP Forward
1 - 50% - 50% - 4:10
2 - 50% - 50% - 4:14
PP Defense
1 - 47% - 50% - 3:56
2 - 53% - 50% - 4:28
PK Forward
1 - 52% - 50% - 3:33
2 - 48% - 50% - 3:16
PK Defense
1 - 57% - 50% - 3:55
2 - 43% - 50% - 2:54
PK3 Forward
1 - 0% - 50%
2 - 0% - 50%
PK3 Defense
1 - 0% - 50%
2 - 0% - 50%
44 Forward
1 - 0% - 50%
2 - 0% - 50%
44 Defense
1 - 0% - 50%
2 - 0% - 50%
Last Minute Offensive - 1:08
Last Minute Defensive - 0:00
Total
Forward - 60:00
Defense - 60:00
|
Play-by-Play
1st period
0:01 of 1st period - Adam Henrique wins face-off versus Tim Stutzle in neutral zone.
0:26 of 1st period - Nick Schmaltz is hit by Matthew Knies.
0:34 of 1st period - Snap shot by David Pastrnak.
0:34 of 1st period - Stopped by Tristan Jarry with a rebound.
0:45 of 1st period - Icing by Marcus Pettersson.
0:46 of 1st period - Max Domi wins face-off versus Philipp Kurashev in San Jose Sharks zone.
1:33 of 1st period - Off-side.
1:34 of 1st period - Nick Schmaltz wins face-off versus Ryan Johansen in neutral zone.
1:49 of 1st period - Wrist shot by Matthew Knies.
1:49 of 1st period - Stopped by Joey Daccord with a rebound.
1:57 of 1st period - Wrist shot by David Pastrnak.
1:57 of 1st period - Shot Misses the Net.
2:09 of 1st period - Wrist shot by Nick Schmaltz.
2:09 of 1st period - Deflect By David Pastrnak.
2:09 of 1st period - Shot Misses the Net.
2:09 of 1st period - Puck is out of play.
2:10 of 1st period - Adam Henrique wins face-off versus Nick Bonino in San Jose Sharks zone.
2:20 of 1st period - Wrist shot by Nikita Kucherov.
2:20 of 1st period - Shot Blocked by Adam Henrique.
3:05 of 1st period - Noel Acciari is hit by Victor Hedman and loses puck.
4:09 of 1st period - Wrist shot by Jonathan Drouin.
4:09 of 1st period - Stopped by Joey Daccord with a rebound.
4:40 of 1st period - Off-side.
4:41 of 1st period - Tim Stutzle wins face-off versus Noel Acciari in neutral zone.
5:10 of 1st period - Snap shot by Yegor Sharangovich.
5:10 of 1st period - Shot Misses the Net.
5:12 of 1st period - Slapshot by Adam Henrique.
5:12 of 1st period - Stopped by Joey Daccord without a rebound.
5:13 of 1st period - Max Domi wins face-off versus Philipp Kurashev in Colorado Rockies zone.
5:23 of 1st period - Max Domi beats up Philipp Kurashev.
5:23 of 1st period - Penalty to Max Domi for Fighting.
5:23 of 1st period - Penalty to Philipp Kurashev for Fighting.
5:24 of 1st period - Nick Bonino wins face-off versus Adam Henrique in Colorado Rockies zone.
5:58 of 1st period - Snap shot by Kyle Connor.
5:58 of 1st period - Stopped by Tristan Jarry without a rebound.
5:59 of 1st period - Ryan Johansen wins face-off versus Tim Stutzle in San Jose Sharks zone.
6:32 of 1st period - Snap shot by Kyle Palmieri.
6:32 of 1st period - Stopped by Tristan Jarry without a rebound.
6:33 of 1st period - Nick Bonino wins face-off versus Adam Henrique in San Jose Sharks zone.
7:10 of 1st period - Snap shot by Kyle Connor.
7:10 of 1st period - Stopped by Tristan Jarry without a rebound.
7:11 of 1st period - Evgeny Kuznetsov wins face-off versus Noel Acciari in San Jose Sharks zone.
7:46 of 1st period - Wrist shot by Matthew Knies.
7:46 of 1st period - Stopped by Joey Daccord with a rebound.
7:59 of 1st period - Off-side.
8:00 of 1st period - Nick Schmaltz wins face-off versus Yegor Sharangovich in neutral zone.
8:38 of 1st period - T.J. Oshie is hit by Victor Hedman and loses puck.
8:49 of 1st period - Slapshot by David Pastrnak.
8:49 of 1st period - Deflect By Nick Schmaltz.
8:49 of 1st period - Shot Misses the Net.
8:49 of 1st period - Puck is out of play.
8:50 of 1st period - Ryan Johansen wins face-off versus Tim Stutzle in San Jose Sharks zone.
9:28 of 1st period - Wrist shot by Evgeny Kuznetsov.
9:28 of 1st period - Stopped by Tristan Jarry with a rebound.
9:30 of 1st period - Slapshot by Michael Bunting.
9:30 of 1st period - Shot Misses the Net.
9:52 of 1st period - Snap shot by Kevin Fiala.
9:52 of 1st period - Stopped by Joey Daccord without a rebound.
9:53 of 1st period - Adam Henrique wins face-off versus Tim Stutzle in Colorado Rockies zone.
10:06 of 1st period - Snap shot by Yegor Sharangovich.
10:06 of 1st period - Shot Misses the Net.
10:59 of 1st period - Wrist shot by Jesper Bratt.
10:59 of 1st period - Stopped by Tristan Jarry without a rebound.
11:00 of 1st period - Philipp Kurashev wins face-off versus Noel Acciari in San Jose Sharks zone.
11:15 of 1st period - Wrist shot by Kyle Palmieri.
11:15 of 1st period - Stopped by Tristan Jarry with a rebound.
12:17 of 1st period - Backhand shot by Matthew Knies.
12:17 of 1st period - Stopped by Joey Daccord without a rebound.
12:18 of 1st period - Nick Bonino wins face-off versus Ryan Johansen in Colorado Rockies zone.
12:47 of 1st period - Slapshot by Eeli Tolvanen.
12:47 of 1st period - Shot Blocked by Nick Schmaltz.
13:03 of 1st period - Snap shot by Kevin Fiala.
13:03 of 1st period - Deflect By Yegor Sharangovich.
13:03 of 1st period - Stopped by Joey Daccord with a rebound.
13:09 of 1st period - Snap shot by Kevin Fiala.
13:09 of 1st period - Stopped by Joey Daccord without a rebound.
13:10 of 1st period - Philipp Kurashev wins face-off versus Ryan Johansen in Colorado Rockies zone.
13:14 of 1st period - Minor Penalty to Vince Dunn for Cross-checking.
13:15 of 1st period - Adam Henrique wins face-off versus Nikita Kucherov in Colorado Rockies zone.
15:14 of 1st period - Penalty to Vince Dunn is over, Vince Dunn is back on ice.
16:23 of 1st period - Alec Martinez is hit by Michael Bunting and loses puck.
17:22 of 1st period - Andrew Peeke is hit by Kevin Fiala and loses puck.
17:51 of 1st period - Jesper Bratt is hit by Max Domi and loses puck.
18:44 of 1st period - Slapshot by Matthew Knies.
18:44 of 1st period - Stopped by Joey Daccord without a rebound.
18:45 of 1st period - Ryan Johansen wins face-off versus Tim Stutzle in Colorado Rockies zone.
19:12 of 1st period - Snap shot by Kevin Fiala.
19:12 of 1st period - Deflect By Adam Henrique.
19:12 of 1st period - Shot Blocked by David Pastrnak.
19:12 of 1st period - Puck is out of play.
19:13 of 1st period - Adam Henrique wins face-off versus Kyle Palmieri in Colorado Rockies zone.
19:47 of 1st period - Wrist shot by Kevin Fiala.
19:47 of 1st period - Stopped by Joey Daccord with a rebound.
Goals for this period are 0 for Colorado Rockies vs 0 for San Jose Sharks.
Shots for this period are 7 for Colorado Rockies vs 10 for San Jose Sharks.
2nd period
0:01 of 2nd period - Nick Bonino wins face-off versus Ryan Johansen in neutral zone.
0:07 of 2nd period - Icing by Marcus Pettersson.
0:08 of 2nd period - Ryan Johansen wins face-off versus Nick Bonino in San Jose Sharks zone.
0:08 of 2nd period - Ryan Johansen is hit by Michael Bunting.
0:41 of 2nd period - Minor Penalty to Victor Hedman for Holding.
0:42 of 2nd period - Tim Stutzle wins face-off versus Adam Henrique in Colorado Rockies zone.
1:41 of 2nd period - Kevin Fiala is hit by Jesper Bratt and loses puck.
1:54 of 2nd period - T.J. Oshie is hit by Nikita Kucherov and loses puck.
2:41 of 2nd period - Penalty to Victor Hedman is over, Victor Hedman is back on ice.
3:23 of 2nd period - Snap shot by Kyle Connor.
3:23 of 2nd period - Stopped by Tristan Jarry without a rebound.
3:24 of 2nd period - Nick Schmaltz wins face-off versus Max Domi in San Jose Sharks zone.
3:29 of 2nd period - Snap shot by Kyle Connor.
3:29 of 2nd period - Stopped by Tristan Jarry with a rebound.
3:31 of 2nd period - Wrist shot by Martin Fehervary.
3:31 of 2nd period - Shot Misses the Net.
3:33 of 2nd period - Snap shot by Evgeny Kuznetsov.
3:33 of 2nd period - Shot Misses the Net.
3:35 of 2nd period - Snap shot by Kyle Connor.
3:35 of 2nd period - Shot Misses the Net.
3:37 of 2nd period - Slapshot by Nikita Zadorov.
3:37 of 2nd period - Deflect By Max Domi.
3:37 of 2nd period - Stopped by Tristan Jarry with a rebound.
3:42 of 2nd period - Minor Penalty to Andrew Peeke for Tripping.
3:43 of 2nd period - Tim Stutzle wins face-off versus Jonathan Drouin in Colorado Rockies zone.
3:53 of 2nd period - Slapshot by T.J. Oshie.
3:53 of 2nd period - Shot Misses the Net.
3:55 of 2nd period - Snap shot by T.J. Oshie.
3:55 of 2nd period - Deflect By Victor Hedman.
3:55 of 2nd period - Shot Misses the Net.
3:55 of 2nd period - Puck is out of play.
3:56 of 2nd period - Tim Stutzle wins face-off versus Jonathan Drouin in Colorado Rockies zone.
3:56 of 2nd period - Tim Stutzle is hit by Matthew Knies.
4:08 of 2nd period - Wrist shot by Matthew Knies.
4:08 of 2nd period - Shot Misses the Net.
4:10 of 2nd period - Snap shot by T.J. Oshie.
4:10 of 2nd period - Goal by T.J. Oshie - Colorado Rockies : 0 - San Jose Sharks : 1.
4:11 of 2nd period - Adam Henrique wins face-off versus Tim Stutzle in neutral zone.
4:14 of 2nd period - Nikita Zadorov is hit by Yegor Sharangovich and loses puck.
4:21 of 2nd period - Snap shot by Yegor Sharangovich.
4:21 of 2nd period - Deflect By Tim Stutzle.
4:21 of 2nd period - Shot Misses the Net.
4:21 of 2nd period - Puck is out of play.
4:22 of 2nd period - Adam Henrique wins face-off versus Tim Stutzle in Colorado Rockies zone.
4:33 of 2nd period - Backhand shot by Kevin Fiala.
4:33 of 2nd period - Shot Blocked by Quinn Hughes.
4:57 of 2nd period - Snap shot by Ryan Johansen.
4:57 of 2nd period - Stopped by Joey Daccord with a rebound.
4:59 of 2nd period - Snap shot by Ryan Johansen.
4:59 of 2nd period - Shot Misses the Net.
5:01 of 2nd period - Slapshot by Marcus Pettersson.
5:01 of 2nd period - Stopped by Joey Daccord without a rebound.
5:02 of 2nd period - Philipp Kurashev wins face-off versus Max Domi in Colorado Rockies zone.
5:32 of 2nd period - Slapshot by Nikita Kucherov.
5:32 of 2nd period - Stopped by Tristan Jarry with a rebound.
5:34 of 2nd period - Snap shot by Jesper Bratt.
5:34 of 2nd period - Shot Misses the Net.
5:51 of 2nd period - Kyle Connor is hit by Ryan Johansen and loses puck.
6:00 of 2nd period - Snap shot by Matthew Knies.
6:00 of 2nd period - Stopped by Joey Daccord with a rebound.
6:32 of 2nd period - Slapshot by Philipp Kurashev.
6:32 of 2nd period - Shot Misses the Net.
6:34 of 2nd period - Snap shot by Philipp Kurashev.
6:34 of 2nd period - Goal by Philipp Kurashev - Colorado Rockies : 1 - San Jose Sharks : 1.
6:35 of 2nd period - Adam Henrique wins face-off versus Tim Stutzle in neutral zone.
6:43 of 2nd period - Off-side.
6:44 of 2nd period - Tim Stutzle wins face-off versus Adam Henrique in neutral zone.
6:56 of 2nd period - Snap shot by Adam Henrique.
6:56 of 2nd period - Shot Blocked by Victor Hedman.
6:58 of 2nd period - Snap shot by Kevin Fiala.
6:58 of 2nd period - Shot Misses the Net.
7:00 of 2nd period - Snap shot by Yegor Sharangovich.
7:00 of 2nd period - Stopped by Joey Daccord with a rebound.
7:02 of 2nd period - Wrist shot by Sean Durzi.
7:02 of 2nd period - Shot Blocked by Jesper Bratt.
7:04 of 2nd period - Snap shot by Yegor Sharangovich.
7:04 of 2nd period - Stopped by Joey Daccord with a rebound.
7:06 of 2nd period - Snap shot by Connor Murphy.
7:06 of 2nd period - Stopped by Joey Daccord without a rebound.
7:07 of 2nd period - Matthew Knies wins face-off versus Nick Schmaltz in Colorado Rockies zone.
7:07 of 2nd period - Double Minor Penalty to Christopher Tanev for Roughing.
7:08 of 2nd period - Adam Henrique wins face-off versus Jesper Bratt in San Jose Sharks zone.
10:09 of 2nd period - Icing by Evgeny Kuznetsov.
10:10 of 2nd period - Kevin Hayes wins face-off versus Max Domi in Colorado Rockies zone.
10:15 of 2nd period - Max Domi is hit by Kyle Palmieri and loses puck.
10:30 of 2nd period - Yegor Sharangovich is hit by Nikita Zadorov and loses puck.
10:35 of 2nd period - Wrist shot by Kyle Palmieri.
10:35 of 2nd period - Deflect By Kevin Hayes.
10:35 of 2nd period - Shot Blocked by Yegor Sharangovich.
10:35 of 2nd period - Puck is out of play.
10:36 of 2nd period - Adam Henrique wins face-off versus Tim Stutzle in San Jose Sharks zone.
10:45 of 2nd period - Kevin Fiala is hit by Nikita Kucherov.
10:49 of 2nd period - Connor Murphy is hit by Nikita Kucherov and loses puck.
11:07 of 2nd period - Penalty to Christopher Tanev is over, Christopher Tanev is back on ice.
12:22 of 2nd period - Connor Murphy is hit by Nikita Zadorov and loses puck.
12:52 of 2nd period - Wrist shot by Calle Jarnkrok.
12:52 of 2nd period - Stopped by Joey Daccord with a rebound.
13:02 of 2nd period - Dmitry Orlov is hit by Andrew Peeke and loses puck.
13:17 of 2nd period - Matthew Knies is hit by Kyle Palmieri.
13:29 of 2nd period - Slapshot by Kasperi Kapanen.
13:29 of 2nd period - Shot Misses the Net.
14:25 of 2nd period - Kevin Fiala is hit by Michael Bunting and loses puck.
15:04 of 2nd period - Wrist shot by Kasperi Kapanen.
15:04 of 2nd period - Shot Blocked by Victor Hedman.
15:06 of 2nd period - Slapshot by Christopher Tanev.
15:06 of 2nd period - Deflect By Jonathan Drouin.
15:06 of 2nd period - Goal by Jonathan Drouin - Colorado Rockies : 1 - San Jose Sharks : 2.
15:07 of 2nd period - Tim Stutzle wins face-off versus Yegor Sharangovich in neutral zone.
15:12 of 2nd period - Wrist shot by Nikita Kucherov.
15:12 of 2nd period - Deflect By Tim Stutzle.
15:12 of 2nd period - Stopped by Tristan Jarry with a rebound.
15:14 of 2nd period - Wrist shot by Martin Fehervary.
15:14 of 2nd period - Shot Blocked by Marcus Pettersson.
15:16 of 2nd period - Slapshot by Nikita Zadorov.
15:16 of 2nd period - Stopped by Tristan Jarry without a rebound.
15:17 of 2nd period - Adam Henrique wins face-off versus Tim Stutzle in San Jose Sharks zone.
15:26 of 2nd period - Christopher Tanev is hit by Tim Stutzle and loses puck.
15:31 of 2nd period - Wrist shot by Nikita Kucherov.
15:31 of 2nd period - Goal by Nikita Kucherov - Colorado Rockies : 2 - San Jose Sharks : 2.
15:32 of 2nd period - Ryan Johansen wins face-off versus Tim Stutzle in neutral zone.
15:59 of 2nd period - Connor Murphy is hit by Nick Schmaltz and loses puck.
16:07 of 2nd period - Off-side.
16:08 of 2nd period - Adam Henrique wins face-off versus Nick Bonino in neutral zone.
16:32 of 2nd period - Icing by Nick Schmaltz.
16:33 of 2nd period - Ryan Johansen wins face-off versus Nick Schmaltz in Colorado Rockies zone.
16:55 of 2nd period - Wrist shot by Jonathan Drouin.
16:55 of 2nd period - Shot Blocked by Jesper Bratt.
17:01 of 2nd period - Snap shot by Matthew Knies.
17:01 of 2nd period - Stopped by Joey Daccord with a rebound.
17:13 of 2nd period - Slapshot by Jonathan Drouin.
17:13 of 2nd period - Shot Misses the Net.
17:15 of 2nd period - Slapshot by Marcus Pettersson.
17:15 of 2nd period - Stopped by Joey Daccord with a rebound.
17:20 of 2nd period - Slapshot by Dmitry Orlov.
17:20 of 2nd period - Shot Misses the Net.
17:22 of 2nd period - Wrist shot by Ryan Johansen.
17:22 of 2nd period - Stopped by Joey Daccord with a rebound.
17:24 of 2nd period - Snap shot by Matthew Knies.
17:24 of 2nd period - Shot Misses the Net.
17:26 of 2nd period - Snap shot by Jonathan Drouin.
17:26 of 2nd period - Shot Misses the Net.
17:28 of 2nd period - Wrist shot by Jonathan Drouin.
17:28 of 2nd period - Deflect By Tim Stutzle.
17:28 of 2nd period - Shot Misses the Net.
17:28 of 2nd period - Puck is out of play.
17:29 of 2nd period - Nick Schmaltz wins face-off versus Kevin Fiala in Colorado Rockies zone.
17:36 of 2nd period - Wrist shot by Kyle Connor.
17:36 of 2nd period - Stopped by Tristan Jarry with a rebound.
17:38 of 2nd period - Slapshot by Nick Schmaltz.
17:38 of 2nd period - Shot Misses the Net.
17:40 of 2nd period - Snap shot by David Pastrnak.
17:40 of 2nd period - Deflect By Nick Schmaltz.
17:40 of 2nd period - Deflect By Kevin Fiala.
17:40 of 2nd period - Shot Misses the Net.
17:40 of 2nd period - Puck is out of play.
17:41 of 2nd period - Yegor Sharangovich wins face-off versus Philipp Kurashev in San Jose Sharks zone.
17:50 of 2nd period - Snap shot by Philipp Kurashev.
17:50 of 2nd period - Shot Blocked by Christopher Tanev.
18:22 of 2nd period - Wrist shot by Kevin Fiala.
18:22 of 2nd period - Shot Misses the Net.
18:25 of 2nd period - Icing by Andrew Peeke.
18:26 of 2nd period - Nick Schmaltz wins face-off versus Max Domi in Colorado Rockies zone.
18:26 of 2nd period - Nick Schmaltz is hit by T.J. Oshie.
18:39 of 2nd period - Minor Penalty to Max Domi for Holding.
18:40 of 2nd period - Yegor Sharangovich wins face-off versus Tim Stutzle in San Jose Sharks zone.
18:40 of 2nd period - Yegor Sharangovich is hit by Jesper Bratt.
19:33 of 2nd period - Yegor Sharangovich is hit by Nikita Zadorov and loses puck.
Goals for this period are 2 for Colorado Rockies vs 2 for San Jose Sharks.
Shots for this period are 9 for Colorado Rockies vs 12 for San Jose Sharks.
3rd period
0:01 of 3rd period - Yegor Sharangovich wins face-off versus Tim Stutzle in neutral zone.
0:06 of 3rd period - Slapshot by Sean Durzi.
0:06 of 3rd period - Stopped by Joey Daccord with a rebound.
0:15 of 3rd period - Off-side.
0:16 of 3rd period - Nick Schmaltz wins face-off versus Adam Henrique in neutral zone.
0:39 of 3rd period - Penalty to Max Domi is over, Max Domi is back on ice.
0:39 of 3rd period - Nikita Zadorov is hit by Jonathan Drouin and loses puck.
1:24 of 3rd period - Snap shot by Jonathan Drouin.
1:24 of 3rd period - Stopped by Joey Daccord without a rebound.
1:25 of 3rd period - Noel Acciari wins face-off versus Tim Stutzle in Colorado Rockies zone.
1:34 of 3rd period - Noel Acciari is hit by Nikita Kucherov and loses puck.
1:55 of 3rd period - Slapshot by Marcus Pettersson.
1:55 of 3rd period - Deflect By Kyle Palmieri.
1:55 of 3rd period - Stopped by Joey Daccord without a rebound.
1:56 of 3rd period - Max Domi wins face-off versus Philipp Kurashev in Colorado Rockies zone.
2:02 of 3rd period - Minor Penalty to Vince Dunn for Tripping.
2:03 of 3rd period - Tim Stutzle wins face-off versus Adam Henrique in Colorado Rockies zone.
2:39 of 3rd period - Snap shot by Kevin Fiala.
2:39 of 3rd period - Stopped by Joey Daccord with a rebound.
2:41 of 3rd period - Slapshot by Connor Murphy.
2:41 of 3rd period - Deflect By Kevin Fiala.
2:41 of 3rd period - Shot Blocked by David Pastrnak.
2:41 of 3rd period - Puck is out of play.
2:42 of 3rd period - Tim Stutzle wins face-off versus Jonathan Drouin in Colorado Rockies zone.
2:53 of 3rd period - Snap shot by Matthew Knies.
2:53 of 3rd period - Shot Blocked by Victor Hedman.
4:02 of 3rd period - Penalty to Vince Dunn is over, Vince Dunn is back on ice.
4:33 of 3rd period - Wrist shot by Yegor Sharangovich.
4:33 of 3rd period - Stopped by Joey Daccord with a rebound.
4:35 of 3rd period - Backhand shot by Yegor Sharangovich.
4:35 of 3rd period - Shot Misses the Net.
4:37 of 3rd period - Wrist shot by Kevin Fiala.
4:37 of 3rd period - Stopped by Joey Daccord without a rebound.
4:38 of 3rd period - Noel Acciari wins face-off versus Kyle Palmieri in Colorado Rockies zone.
5:03 of 3rd period - Sean Durzi is hit by Quinn Hughes.
5:23 of 3rd period - Alec Martinez is hit by David Pastrnak and loses puck.
5:36 of 3rd period - Snap shot by T.J. Oshie.
5:36 of 3rd period - Stopped by Joey Daccord with a rebound.
5:45 of 3rd period - Icing by Dmitry Orlov.
5:46 of 3rd period - Noel Acciari wins face-off versus Nick Schmaltz in San Jose Sharks zone.
5:57 of 3rd period - Wrist shot by Matthew Knies.
5:57 of 3rd period - Stopped by Joey Daccord with a rebound.
5:59 of 3rd period - Slapshot by Matthew Knies.
5:59 of 3rd period - Deflect By Jonathan Drouin.
5:59 of 3rd period - Stopped by Joey Daccord without a rebound.
6:00 of 3rd period - Tim Stutzle wins face-off versus Adam Henrique in Colorado Rockies zone.
6:18 of 3rd period - Off-side.
6:19 of 3rd period - Philipp Kurashev wins face-off versus Max Domi in neutral zone.
6:22 of 3rd period - Backhand shot by Philipp Kurashev.
6:22 of 3rd period - Stopped by Tristan Jarry without a rebound.
6:23 of 3rd period - Max Domi wins face-off versus Philipp Kurashev in San Jose Sharks zone.
6:30 of 3rd period - Slapshot by Sean Durzi.
6:30 of 3rd period - Stopped by Joey Daccord with a rebound.
6:32 of 3rd period - Wrist shot by T.J. Oshie.
6:32 of 3rd period - Stopped by Joey Daccord with a rebound.
6:34 of 3rd period - Snap shot by Sean Durzi.
6:34 of 3rd period - Deflect By Philipp Kurashev.
6:34 of 3rd period - Stopped by Joey Daccord with a rebound.
6:36 of 3rd period - Slapshot by Sean Durzi.
6:36 of 3rd period - Shot Misses the Net.
6:38 of 3rd period - Wrist shot by Max Domi.
6:38 of 3rd period - Stopped by Joey Daccord with a rebound.
7:05 of 3rd period - Minor Penalty to Sean Durzi for Cross-checking.
7:06 of 3rd period - Tim Stutzle wins face-off versus Yegor Sharangovich in San Jose Sharks zone.
7:08 of 3rd period - Snap shot by Nikita Kucherov.
7:08 of 3rd period - Shot Blocked by Jonathan Drouin.
7:10 of 3rd period - Wrist shot by Jesper Bratt.
7:10 of 3rd period - Stopped by Tristan Jarry without a rebound.
7:11 of 3rd period - Tim Stutzle wins face-off versus Yegor Sharangovich in San Jose Sharks zone.
7:44 of 3rd period - Wrist shot by David Pastrnak.
7:44 of 3rd period - Stopped by Tristan Jarry without a rebound.
7:45 of 3rd period - Nick Schmaltz wins face-off versus Yegor Sharangovich in San Jose Sharks zone.
7:46 of 3rd period - Snap shot by David Pastrnak.
7:46 of 3rd period - Deflect By Nick Schmaltz.
7:46 of 3rd period - Shot Misses the Net.
7:46 of 3rd period - Puck is out of play.
7:47 of 3rd period - Tim Stutzle wins face-off versus Yegor Sharangovich in San Jose Sharks zone.
7:52 of 3rd period - Backhand shot by Tim Stutzle.
7:52 of 3rd period - Shot Misses the Net.
7:54 of 3rd period - Wrist shot by Jesper Bratt.
7:54 of 3rd period - Shot Misses the Net.
7:56 of 3rd period - Slapshot by Victor Hedman.
7:56 of 3rd period - Goal by Victor Hedman - Colorado Rockies : 3 - San Jose Sharks : 2.
7:57 of 3rd period - Adam Henrique wins face-off versus Nick Bonino in neutral zone.
8:22 of 3rd period - Quinn Hughes is hit by Christopher Tanev and loses puck.
9:01 of 3rd period - Slapshot by Marcus Pettersson.
9:01 of 3rd period - Deflect By Calle Jarnkrok.
9:01 of 3rd period - Deflect By Kyle Palmieri.
9:01 of 3rd period - Stopped by Joey Daccord without a rebound.
9:02 of 3rd period - Philipp Kurashev wins face-off versus Calle Jarnkrok in Colorado Rockies zone.
9:02 of 3rd period - Philipp Kurashev is hit by Calle Jarnkrok.
9:14 of 3rd period - Minor Penalty to Michael Bunting for Delaying the game.
9:15 of 3rd period - Adam Henrique wins face-off versus Tim Stutzle in Colorado Rockies zone.
11:14 of 3rd period - Penalty to Michael Bunting is over, Michael Bunting is back on ice.
11:25 of 3rd period - Snap shot by Kyle Palmieri.
11:25 of 3rd period - Stopped by Tristan Jarry without a rebound.
11:26 of 3rd period - Noel Acciari wins face-off versus Philipp Kurashev in San Jose Sharks zone.
11:37 of 3rd period - Calle Jarnkrok is hit by Michael Bunting and loses puck.
11:44 of 3rd period - Marcus Pettersson is hit by Philipp Kurashev and loses puck.
12:27 of 3rd period - Slapshot by Nikita Kucherov.
12:27 of 3rd period - Deflect By Yegor Sharangovich.
12:27 of 3rd period - Stopped by Tristan Jarry without a rebound.
12:28 of 3rd period - Adam Henrique wins face-off versus Tim Stutzle in San Jose Sharks zone.
12:28 of 3rd period - Adam Henrique is hit by Victor Hedman.
12:35 of 3rd period - Off-side.
12:36 of 3rd period - Yegor Sharangovich wins face-off versus Tim Stutzle in neutral zone.
13:05 of 3rd period - Wrist shot by Kyle Connor.
13:05 of 3rd period - Stopped by Tristan Jarry with a rebound.
13:25 of 3rd period - Slapshot by Sean Durzi.
13:25 of 3rd period - Shot Misses the Net.
13:31 of 3rd period - Wrist shot by Philipp Kurashev.
13:31 of 3rd period - Stopped by Tristan Jarry with a rebound.
13:33 of 3rd period - Snap shot by Kyle Palmieri.
13:33 of 3rd period - Shot Hit the Post.
13:35 of 3rd period - Slapshot by Vince Dunn.
13:35 of 3rd period - Stopped by Tristan Jarry with a rebound.
13:37 of 3rd period - Snap shot by Vince Dunn.
13:37 of 3rd period - Shot Blocked by Connor Murphy.
13:49 of 3rd period - Wrist shot by Michael Bunting.
13:49 of 3rd period - Stopped by Tristan Jarry with a rebound.
13:51 of 3rd period - Wrist shot by Nikita Kucherov.
13:51 of 3rd period - Stopped by Tristan Jarry without a rebound.
13:52 of 3rd period - Nick Bonino wins face-off versus Max Domi in San Jose Sharks zone.
13:57 of 3rd period - Wrist shot by Michael Bunting.
13:57 of 3rd period - Shot Blocked by T.J. Oshie.
14:02 of 3rd period - Dmitry Orlov is hit by Victor Hedman.
14:04 of 3rd period - Wrist shot by Eeli Tolvanen.
14:04 of 3rd period - Stopped by Joey Daccord without a rebound.
14:05 of 3rd period - Nick Schmaltz wins face-off versus Adam Henrique in Colorado Rockies zone.
14:47 of 3rd period - Ryan Johansen is hit by Tim Stutzle and loses puck.
15:59 of 3rd period - Wrist shot by Matthew Knies.
15:59 of 3rd period - Stopped by Joey Daccord without a rebound.
16:00 of 3rd period - Max Domi wins face-off versus Philipp Kurashev in Colorado Rockies zone.
16:01 of 3rd period - Wrist shot by T.J. Oshie.
16:01 of 3rd period - Stopped by Joey Daccord without a rebound.
16:02 of 3rd period - Max Domi wins face-off versus Kyle Palmieri in Colorado Rockies zone.
16:27 of 3rd period - Kasperi Kapanen is hit by David Pastrnak and loses puck.
16:50 of 3rd period - Snap shot by Yegor Sharangovich.
16:50 of 3rd period - Shot Blocked by Nick Schmaltz.
16:52 of 3rd period - Slapshot by Sean Durzi.
16:52 of 3rd period - Deflect By Kevin Fiala.
16:52 of 3rd period - Deflect By David Pastrnak.
16:52 of 3rd period - Shot Blocked by Andrew Peeke.
16:52 of 3rd period - Puck is out of play.
16:53 of 3rd period - Adam Henrique wins face-off versus Nick Schmaltz in Colorado Rockies zone.
17:14 of 3rd period - Wrist shot by Eeli Tolvanen.
17:14 of 3rd period - Shot Blocked by Vince Dunn.
17:45 of 3rd period - Snap shot by Noel Acciari.
17:45 of 3rd period - Shot Misses the Net.
18:46 of 3rd period - Matthew Knies is hit by Tim Stutzle and loses puck.
18:57 of 3rd period - Tim Stutzle is hit by Connor Murphy and loses puck.
19:04 of 3rd period - Slapshot by Vince Dunn.
19:04 of 3rd period - Stopped by Tristan Jarry with a rebound.
19:16 of 3rd period - Wrist shot by Jesper Bratt.
19:16 of 3rd period - Stopped by Tristan Jarry without a rebound.
19:17 of 3rd period - Jeff Blashill call a timeout for San Jose Sharks.
19:17 of 3rd period - Tim Stutzle wins face-off versus Adam Henrique in San Jose Sharks zone.
19:46 of 3rd period - San Jose Sharks, Tristan Jarry is pulled from the net.
Goals for this period are 1 for Colorado Rockies vs 0 for San Jose Sharks.
Shots for this period are 13 for Colorado Rockies vs 17 for San Jose Sharks.
Back to the Top